 Dungeon Crawl Stone Soup version 0.27-a0-109-g416527ed24 (webtiles) character file.

Game seed: 2846674663012855732

1005 flappity the Skirmisher (level 8, -7/73 HPs)
             Began as a Minotaur Fighter on Jan 25, 2021.
             Killed by divine providence
             ... invoked by an orc priest
              (12 damage)
             ... on level 4 of the Dungeon.
             The game lasted 00:04:14 (3663 turns).

flappity the Skirmisher (Minotaur Fighter)          Turns: 3663, Time: 00:04:15

Health: -7/73      AC:  8    Str: 22    XL:     8   Next: 0%
Magic:  7/7        EV:  8    Int:  5    God:
Gold:   189        SH: 11    Dex: 11    Spells: 7/7 levels left

rFire    . . .     SeeInvis .   a - +1 war axe
rCold    . . .     Faith    .   c - +1 kite shield
rNeg     . . .     Spirit   .   b - +0 scale mail
rPois    .         Reflect  .   (helmet restricted)
rElec    .         Harm     .   (no cloak)
rCorr    .         Rampage  .   m - +0 pair of gloves
Will     .....                  (no boots)
Stlth    ..........             (no amulet)
HPRegen  0.22/turn              (no ring)
MPRegen  0.10/turn              (no ring)

@: no status effects
A: retaliatory headbutt, horns 2
a: no special abilities


You were on level 4 of the Dungeon.
You visited 1 branch of the dungeon, and saw 4 of its levels.
You also visited: Sewer.

You collected 189 gold pieces.


Innate Abilities, Weirdness & Mutations

You reflexively headbutt those who attack you in melee.
You have a pair of horns on your head.


   Skills:
 * Level 7.4 Fighting
 * Level 6.8 Axes
 + Level 5.7 Armour
 + Level 5.7 Shields


You had 7 spell levels left.
You didn't know any spells.
Your spell library was empty.

Inventory:

Hand Weapons
 a - a +1 war axe (weapon)
Armour
 b - a +0 scale mail (worn)
 c - a +1 kite shield (worn)
 m - a +0 pair of gloves (worn)
Scrolls
 f - a scroll of blinking
 i - a scroll of identify
 k - 3 scrolls of remove curse
 p - 2 scrolls of teleportation
 q - 2 scrolls of enchant armour
Potions
 e - 2 potions of curing
 g - a potion of mutation {unknown}
 h - a potion of magic {unknown}
 j - 2 potions of resistance {unknown}
 n - 2 potions of degeneration {unknown}
 s - 3 potions of flight {unknown}
 t - 3 potions of heal wounds {unknown}


Message History

An orc priest comes into view. It is wielding a +0 dagger.
The orc wizard hits you but does no damage.
Your scale mail prevents you from hitting the orc wizard.
The orc wizard is moderately wounded.
The orc wizard hits you but does no damage.
The orc wizard points at you and mumbles some strange words.
The magic dart hits you.
The orc priest calls upon Beogh to heal the orc wizard.
The orc wizard's wounds heal themselves!
You hear a shout!
You take 1 damage.
You slash the orc wizard! You headbutt the orc wizard.
The orc wizard is almost dead.
The orc wizard points at you and mumbles some strange words.
The magic dart hits you! You block the orc wizard's attack.
The orc priest closely misses you.
You take 7 damage.
You slash the orc wizard!
You kill the orc wizard!
You hit the orc priest but do no damage.
The orc priest hits you with a +0 dagger.
You have reached level 8!
You feel stronger.
You take 2 damage.
You closely miss the orc priest.
An orc comes into view.
The orc priest invokes the aid of Beogh against you.
Pain shoots through your body!
You take 8 damage.
You hit the orc priest but do no damage.
You hit the orc.
The orc priest hits you with a +0 dagger.
The orc hits you but does no damage.
You take 2 damage.
You barely miss the orc priest. You hit the orc.
The orc priest hits you but does no damage.
The orc barely misses you.
The orc priest hits you but does no damage.
You hit the orc priest. You headbutt the orc priest.
The orc priest is moderately wounded.
You hit the orc.
You kill the orc!
The orc priest closely misses you.
You slash the orc priest!
The orc priest is severely wounded.
The orc priest looks encouraged for a moment.
You hit the orc priest but do no damage.
The orc priest is severely wounded.
The orc priest calls down the wrath of Beogh upon you.
Beogh smites you!
You die...

····░······················∙∙∙∙∙∙
····■······················∙∙∙∙∙∙
░░░■░······················∙∙∙∙∙∙
░···░······░░■░░░░░░░░░■▒▒·∙∙∙▒■▒
····░······░··········■∙∙▒·∙··░··
····░······░··········░∙∙■····░··
░░░·░······░▒▒■░▒▒▒▒▒░░∙▒░····▒▒■
░░░░░░■░░▒▒∙∙▒▒∙>∙▒▒▒∙▒▒▒▒▒▒▒∙∙
░····▒∙∙∙?H∙)∙∙∙∙∙∙▒∙∙∙∙▒∙∙
░····▒∙∙∙o∙∙∙∙$∙∙∙∙▒∙∙∙∙▒∙∙
░····▒∙∙∙∙∙∙∙∙∙∙∙∙∙▒∙∙∙∙▒∙∙
░░░░░▒▒∙∙▒▒∙∙▒▒▒∙∙▒▒▒[▒▒▒∙∙
▒▒▒░▒∙∙▒▒▒∙∙▒▒)∙)∙∙∙∙
▒$∙∙∙▒∙∙∙∙▒∙∙∙∙∙∙∙
▒∙∙∙∙▒∙∙∙∙▒∙∙∙∙∙▒▒
▒∙∙∙∙▒!∙∙∙▒∙∙∙∙∙▒∙
▒∙∙∙·▒∙∙∙∙▒∙∙∙∙∙▒∙


You could see an orc priest.

Vanquished Creatures
  Pikel (D:4)
  Grinder (D:4)
  4 lemures (D:4)
  A big kobold (Sewer)
  2 orc wizards (D:4)
  Jessica (D:3)
  An iguana (D:4)
  A worker ant (D:4)
  7 adders
  2 river rats (Sewer)
  An ooze (D:1)
  A dart slug (D:3)
  2 leopard geckos
  5 orcs
  4 ball pythons
  6 bats
  3 giant cockroaches
  7 goblins
  5 hobgoblins
  8 jackals
  2 quokkas
  5 frilled lizards
  16 kobolds
  13 rats
99 creatures vanquished.

Notes
Turn   | Place    | Note
-------+----------+-------------------------------------------
     0 | D:1      | flappity the Minotaur Fighter began the quest for the Orb.
     0 | D:1      | Reached XP level 1. HP: 19/19 MP: 0/0
   201 | D:1      | Reached XP level 2. HP: 27/27 MP: 1/1
   236 | D:1      | Reached skill level 4 in Fighting
   661 | D:1      | Found a burning altar of Makhleb.
   664 | D:1      | Reached skill level 3 in Axes
  1007 | D:1      | Reached XP level 3. HP: 33/33 MP: 2/2
  1464 | D:2      | Reached skill level 4 in Shields
  1483 | D:2      | Reached skill level 4 in Armour
  1751 | D:2      | Found a basalt altar of Yredelemnul.
  1830 | D:2      | Reached XP level 4. HP: 37/41 MP: 3/3
  2208 | D:3      | Found a blossoming altar of Fedhas.
  2287 | D:3      | Found an ancient bone altar of Kikubaaqudgha.
  2457 | D:3      | Found a glowing drain.
  2465 | D:3      | Reached skill level 4 in Axes
  2480 | Sewer    | Entered a sewer
  2487 | Sewer    | Reached skill level 5 in Fighting
  2556 | Sewer    | Noticed a big kobold
  2560 | Sewer    | Reached XP level 5. HP: 48/48 MP: 4/4
  2677 | Sewer    | Found a white marble altar of Elyvilon.
  2902 | D:3      | Noticed Jessica
  2910 | D:3      | Killed Jessica
  3124 | D:4      | Found a glowing golden altar of the Shining One.
  3233 | D:4      | Noticed Grinder
  3237 | D:4      | Paralysed by Grinder for 7 turns
  3243 | D:4      | HP: 14/49 [poisoned by a worker ant]
  3243 | D:4      | HP: 4/49 [Grinder (5)]
  3248 | D:4      | Killed Grinder
  3248 | D:4      | HP: 5/49 [poisoned by a worker ant]
  3249 | D:4      | Reached skill level 6 in Fighting
  3249 | D:4      | Reached skill level 5 in Axes
  3249 | D:4      | Reached skill level 5 in Armour
  3249 | D:4      | Reached XP level 6. HP: 5/57 MP: 5/5
  3251 | D:4      | Reached skill level 5 in Shields
  3530 | D:4      | Reached XP level 7. HP: 61/64 MP: 6/6
  3573 | D:4      | Noticed Pikel
  3583 | D:4      | HP: 19/64 [lemure[Pikel] (6)]
  3588 | D:4      | Killed Pikel
  3589 | D:4      | Reached skill level 7 in Fighting
  3589 | D:4      | Reached skill level 6 in Axes
  3656 | D:4      | HP: 16/66 [orc wizard/magic dart (8)]
  3658 | D:4      | Reached XP level 8. HP: 14/73 MP: 7/7
  3658 | D:4      | HP: 6/73 [orc priest/nerve-wracking pain (9)]
  3663 | D:4      | Killed from afar by an orc priest

Levels and vault maps discovered:
D:1:      shiori_shiawase, layout_loops_corners, serial_forest,
          infiniplex_forest_straight_4, infiniplex_forest_clump_tiny,
          infiniplex_forest_diagonal, infiniplex_forest_end_2,
          infiniplex_forest_join, infiniplex_forest_straight_2,
          infiniplex_forest_lined_3_way, infiniplex_forest_lined_4_way,
          chequers_serial_rivers_marsh, minmay_hexomino_r4
D:2:      layout_basic, lemuel_round_altar
D:3:      layout_basic, kiku_gazebo_pond_becter, portal_sewer_entry_b,
          fedhas_altar_2, uniq_jessica
D:4:      layout_gridville, lemuel_crystal_altar, grunt_temple_overflow_open,
          uniq_grinder, uniq_pikel

Action                   |  1- 3 |  4- 6 |  7- 9 || total
-------------------------+-------+-------+-------++-------
Melee: War axe           |   134 |    84 |    29 ||   247
       Headbutt          |     9 |    12 |     3 ||    24
  Use: Scroll            |       |     8 |       ||     8
       Potion            |       |     3 |       ||     3
Armor: Scale mail        |    61 |    53 |    23 ||   137
Dodge: Dodged            |    42 |    25 |    15 ||    82
Block: Kite shield       |    89 |    51 |    20 ||   160
